Map: Orbital Shipyard

Players

ILLBdA

  • Race: Protoss Protoss

Kanade - Winner!

  • Race: Terran Terran
  • League: Master

VOD

Have the link to the VOD?

Description

Time

  • Played on: Dec. 13, 2015, 7:14 a.m.
  • Length: 7:38
Show
View Real Time Build Order
Export as new Build Order

ILLBdA Protoss 

Build Orders: Oracle Opening 

Get SALT Encoding   

  12  0:01  Probe (Chrono Boost)  
  13  0:11  Probe (Chrono Boost)  
  14  0:19  Pylon  
  14  0:24  Probe (Chrono Boost)  
  15  0:37  Probe (Chrono Boost)  
  15  0:38  Gateway  
  16  0:48  Probe (Chrono Boost)  
  16  0:49  Assimilator  
  17  0:58  Probe (Chrono Boost)  
  17  0:59  Assimilator  
  18  1:09  Probe (Chrono Boost)  
  19  1:19  Probe (Chrono Boost)  
  19  1:25  Cybernetics Core  
  20  1:26  Gateway  
  20  1:31  Probe (Chrono Boost)  
  21  1:33  Pylon  
  21  1:42  Probe (Chrono Boost)  
  22  2:01  Stalker (Chrono Boost)  
  24  2:02  Warp Gate  
  24  2:04  Mothership Core  
  28  2:18  Stalker (Chrono Boost)  
  28  2:27  Stalker (Chrono Boost)  
  30  2:32  Probe, Pylon  
  31  2:52  Stargate  
  31  3:05  Pylon  
  31  3:06  Pylon  
  31  3:07  Pylon  
  31  3:12  Pylon  
  31  3:32  Stalker (Chrono Boost)  
  35  3:37  Oracle  
  38  3:45  Gateway  
  34  4:14  Stalker  
  34  4:15  Oracle  
  39  4:25  Nexus  
  39  4:29  Pylon  
  36  4:47  Stalker x2  
  39  4:56  Oracle  
  39  4:58  Probe  
  43  5:12  Pylon  
  43  5:14  Robotics Facility  
  43  5:27  Stalker  
  45  5:29  Adept  
  47  5:36  Probe  
  46  5:50  Probe  
  46  5:52  Twilight Council, Probe  
  48  6:02  Probe, Observer (Chrono Boost)  
  50  6:04  Probe  
  51  6:14  Probe  
  51  6:16  Probe  
  53  6:21  Observer (Chrono Boost)  
  53  6:23  Pylon  
  54  6:25  Pylon  
  54  6:26  Probe  
  54  6:28  Probe  
  54  6:38  Probe  
  59  6:40  Immortal (Chrono Boost)  
  59  6:45  Adept x2  
  63  7:00  Assimilator  
  63  7:03  Assimilator  
  63  7:07  Adept  
  69  7:22  Stalker  
  71  7:24  Probe  
  71  7:28  Stalker  
Show
View Real Time Build Order
Export as new Build Order

Kanade Terran - Winner!

Build Orders: Liberator Opening 

Get SALT Encoding   

  12  0:01  SCV  
  13  0:13  SCV  
  14  0:18  Supply Depot  
  14  0:25  SCV  
  15  0:39  SCV  
  15  0:40  Barracks  
  16  0:44  Refinery  
  16  0:51  SCV  
  17  1:03  SCV  
  18  1:16  SCV  
  19  1:28  Orbital Command  
  19  1:34  Barracks Reactor  
  19  1:40  Command Center  
  19  1:49  Supply Depot  
  19  1:54  SCV  
  19  1:58  Refinery  
  20  2:06  SCV  
  21  2:11  Marine x2  
  23  2:15  Factory  
  23  2:18  SCV  
  24  2:29  Marine x2  
  26  2:30  SCV  
  27  2:43  SCV  
  28  2:47  Marine x2  
  30  2:53  Orbital Command  
  30  2:55  SCV  
  31  3:01  Factory Tech Lab  
  31  3:02  Starport  
  31  3:07  SCV  
  31  3:08  Marine x2  
  34  3:19  SCV  
  34  3:23  Cyclone  
  34  3:26  Marine  
  38  3:28  Supply Depot  
  38  3:30  Supply Depot  
  39  3:34  Liberator  
  37  3:49  SCV  
  37  3:51  SCV  
  37  3:54  Barracks Reactor  
  40  4:01  SCV  
  41  4:03  SCV  
  41  4:08  Siege Tank  
  45  4:14  SCV  
  46  4:19  Supply Depot, Barracks  
  46  4:20  Supply Depot, Barracks  
  46  4:31  Supply Depot  
  46  4:32  SCV  
  46  4:33  SCV  
  44  4:44  SCV  
  44  4:45  SCV  
  45  4:51  Siege Tank  
  45  4:52  Marine  
  46  4:56  SCV  
  46  4:57  SCV  
  48  5:05  Liberator  
  45  5:08  SCV  
  45  5:09  SCV  
  45  5:12  Marine x3  
  49  5:21  SCV x2  
  54  5:29  Marine x2  
  54  5:30  Marine  
  54  5:33  SCV x2  
  59  5:37  Engineering Bay  
  59  5:40  Siege Tank  
  62  5:45  SCV  
  62  5:47  Marine  
  62  5:49  Barracks Tech Lab  
  64  5:51  Marine  
  64  5:57  SCV  
  66  5:58  SCV  
  67  6:04  Missile Turret  
  67  6:05  Marine  
  67  6:06  Missile Turret  
  67  6:09  SCV  
  67  6:10  SCV  
  70  6:17  Supply Depot  
  70  6:23  Supply Depot  
  70  6:33  Refinery  
  70  6:38  SCV x2  
  70  6:39  Marauder  
  76  6:40  Supply Depot, Refinery  
  76  6:46  Barracks Reactor  
  74  6:47  Starport Reactor  
  74  6:50  SCV x2  
  76  6:59  Marauder  
  76  7:00  Marauder, Widow Mine  
  82  7:02  SCV x2  
  82  7:06  Supply Depot  
  84  7:09  Command Center  
  84  7:10  Supply Depot  
  84  7:15  SCV x2  
Tags
 
Add a new tag
Caveats
  • Supply blocks, unpowered buildings, or Contaminate may cause inaccurate times.
  • Supply counts are checked every 10 seconds.